 Dungeon Sprint DCSS version 0.21-b1-21-g86478ac (webtiles) character file.

2275 wojtek the Bludgeoner (level 9, -1/130 (133) HPs)
             Began as a Minotaur Berserker on Jan 4, 2018.
             Was a High Priest of Trog.
             Slain by a tentacle (17 damage)
             ... attached to a kraken
             ... in the Dungeon (Sprint II: "The Violet Keep of Menkaure").
             The game lasted 00:04:37 (960 turns).

wojtek the Bludgeoner (Minotaur Berserker)           Turns: 960, Time: 00:04:37

HP:   -1/130 (133)  AC: 16    Str: 30    XL:     9   Next: 16%
MP:   8/8           EV: 13    Int:  4    God:    Trog [*****.]
Gold: 335           SH:  0    Dex: 10    Spells: 8/8 levels left

rFire    + . .     SeeInvis .   a - +0 mace
rCold    + . .     Gourm    .   (no shield)
rNeg     . . .     Faith    .   s - +0 chain mail
rPois    .         Spirit   .   (helmet restricted)
rElec    .         Reflect  .   n - +1 cloak
rCorr    .         Harm     .   (no gloves)
MR       .....     NoTele   +   m - +0 pair of boots {Fly}
Stlth    ..........             (no amulet)
HPRegen  0.31/turn              k - ring of protection from fire
MPRegen  0.11/turn              l - ring of protection from cold

@: berserking, flying, very quick
A: retaliatory headbutt, horns 2
a: Berserk, Trog's Hand, Brothers in Arms, Burn Spellbooks, Renounce Religion,
Stop Flying


You were in the Dungeon.
You worshipped Trog.
Trog was extremely pleased with you.
You were very hungry.

You visited 1 branch You collected 1214 gold pieces.
You spent 879 gold pieces at shops.

Inventory:

Hand Weapons
 a - a +0 mace (weapon)
Armour
 m - a +0 pair of boots of flying (worn)
 n - a +1 cloak (worn)
 s - a +0 chain mail (worn)
Jewellery
 k - a ring of protection from fire (left hand)
 l - a ring of protection from cold (right hand)
 o - an uncursed ring of ice
 y - an uncursed amulet of harm {unknown}
Scrolls
 i - a scroll of blinking
 p - 2 scrolls of amnesia {unknown}
 q - 2 scrolls of remove curse {unknown}
 r - 7 scrolls of identify {unknown}
 t - 4 scrolls of fear {unknown}
 x - 3 scrolls of enchant armour {unknown}
Potions
 b - 3 potions of flight {unknown}
 d - 4 potions of curing
 e - 2 potions of heal wounds
 f - a potion of haste
 g - 5 potions of magic
 h - a potion of berserk rage
 u - 2 potions of mutation {unknown}
 v - a potion of lignification {unknown}
 w - 3 potions of resistance {unknown}
 z - a potion of might {unknown}
 A - a potion of invisibility {unknown}
Comestibles
 c - 6 rations


   Skills:
 + Level 11.6 Fighting
 * Level 15.3 Maces & Flails
 + Level 11.3 Armour
 + Level 10.5 Dodging


You had 8 spell levels left.
You didn't know any spells.

Dungeon Overview and Level Annotations

Branches:
Dungeon (1/1)

Altars:
Cheibriados
Dithmenos
Elyvilon
Fedhas
Hepliaklqana
Kikubaaqudgha
Makhleb
Nemelex Xobeh
Qazlal
Ru
Sif Muna
Trog
Uskayaw
Vehumet
Wu Jian
Xom
Yredelemnul
Zin
The Shining One
Beogh
Jiyva
Lugonu

Shops:
D =%:!([([=}:%:[?!

Annotations:
D exclusion: oklob plant


Innate Abilities, Weirdness & Mutations

You reflexively headbutt those who attack you in melee.
You have a pair of horns on your head.


Message History

4 tentacles come into view.
You sock the kraken!
The kraken is lightly wounded.
You hit the kraken but do no damage.
The kraken is lightly wounded.
The tentacle slaps you! The tentacle slaps you. The kraken bites you!!
You sock the kraken!
The kraken is lightly wounded.
The tentacle slaps you! The tentacle misses you.
You hit the kraken but do no damage. You headbutt the kraken.
The kraken is lightly wounded.
The kraken bites you but does no damage.
The tentacle slaps you!
The tentacle slaps you but does no damage.
You hit the kraken. You headbutt the kraken.
The kraken is lightly wounded.
The kraken bites you!!
* * * LOW HITPOINT WARNING * * *
The tentacle slaps you!
You die...

#[§▓.)..(...▓▓
.####:}▓...[..(.▓▓
...####▓....(...▓▓
#..##.#▓.[(.....▓▓
+..#.)#▓..[.[.[.▓▓
#..#..#▓.......)▓▓
#..##.#▓)[.....[▓▓
##.^÷##▓▓▓▓▓▓▓'▓▓▓▓+▓
.≈≈≈(≈≈≈≈≈≈≈≈≈..@Xw≈▓
.≈#+########'###www≈▓
.≈#.._._._.#≈§§##≈≈≈▓
.≈#._._._..#§§§§####▓
≈≈#_._._._.#§§§§≈#
≈≈#._._._._#§§§§≈≈#
≈≈#.._._._.#≈§§≈§§+
≈≈#..._._._#≈≈≈≈§t#
.._._.# §§≈≈


You could see a kraken and 4 tentacles.

Vanquished Creatures
  A merfolk siren (D)
  A yaktaur (D)
  A hornet (D)
  3 polar bears (D)
  2 hippogriffs (D)
  4 necrophages (D)
  2 crocodiles (D)
  3 worms (D)
17 creatures vanquished.

Vanquished Creatures (collateral kills)
  A crocodile (D)
1 creature vanquished.

Vanquished Creatures (others)
  Menkaure (D)
  A crocodile (D)
  8 tentacles (D)
10 creatures vanquished.

Grand Total: 28 creatures vanquished

Notes
Turn   | Place    | Note
-------+----------+-------------------------------------------
     0 | D        | wojtek the Minotaur Berserker began the quest for the Orb.
     0 | D        | Reached XP level 1. HP: 19/19 MP: 0/0
     1 | D        | Noticed a necrophage
     1 | D        | Noticed a necrophage
     1 | D        | Noticed a necrophage
     1 | D        | Noticed a necrophage
     7 | D        | Killed a necrophage
     7 | D        | Reached skill level 5 in Fighting
     7 | D        | Reached skill level 7 in Maces & Flails
     7 | D        | Reached skill level 5 in Armour
     7 | D        | Reached XP level 2. HP: 30/30 MP: 1/1
     7 | D        | Reached XP level 3. HP: 37/37 MP: 2/2
     7 | D        | Reached XP level 4. HP: 44/44 MP: 3/3
    10 | D        | Killed a necrophage
    10 | D        | Reached skill level 9 in Maces & Flails
    10 | D        | Reached skill level 5 in Dodging
    10 | D        | Reached XP level 5. HP: 40/50 MP: 4/4
    13 | D        | Killed a necrophage
    13 | D        | Reached ** piety under Trog
    13 | D        | Reached skill level 10 in Maces & Flails
    18 | D        | Killed a necrophage
    18 | D        | Reached XP level 6. HP: 23/59 MP: 5/5
    56 | D        | Killed Menkaure
   206 | D        | Noticed a merfolk siren
   216 | D        | Killed a merfolk siren
   216 | D        | Reached skill level 12 in Maces & Flails
   216 | D        | Reached XP level 7. HP: 64/68 MP: 6/6
   237 | D        | Noticed a hippogriff
   237 | D        | Noticed a hippogriff
   241 | D        | Killed a hippogriff
   241 | D        | Reached *** piety under Trog
   245 | D        | Killed a hippogriff
   245 | D        | Reached skill level 10 in Fighting
   245 | D        | Reached skill level 13 in Maces & Flails
   245 | D        | Reached XP level 8. HP: 77/77 MP: 7/7
   306 | D        | Found Keiss's Antique Armour Shop.
   306 | D        | Found Penaeresch's Gadget Boutique.
   306 | D        | Found Yxiuck's Distillery.
   306 | D        | Found Ruuxzyme's Book Boutique.
   306 | D        | Found Keseitzo's Book Boutique.
   306 | D        | Found Ytrampo's Magic Scroll Boutique.
   307 | D        | Found Jokuem's Food Shop.
   307 | D        | Found Qam Elup's Jewellery Boutique.
   307 | D        | Found Xuckeonn's Antique Armour Shop.
   310 | D        | Reached **** piety under Trog
   314 | D        | Found Vebynog's Antique Weapon Shop.
   314 | D        | Found Ariuryob's Antique Armour Boutique.
   314 | D        | Noticed a slime creature
   350 | D        | Found Xieski Boji's Antique Weapon Boutique.
   350 | D        | Found Xuakhyr's Distillery.
   350 | D        | Noticed a slime creature
   350 | D        | Noticed a slime creature
   350 | D        | Noticed an oklob plant
   351 | D        | Found Omephe's Food Shop.
   351 | D        | Found Lick's Book Shoppe.
   351 | D        | Found Dyrerylu's Jewellery Boutique.
   355 | D        | Noticed a hell hog
   383 | D        | Bought an uncursed ring of protection from fire for 250 gold pieces
   393 | D        | Bought an uncursed ring of protection from cold for 300 gold pieces
   397 | D        | Bought a pair of embroidered boots for 172 gold pieces
   403 | D        | Bought a glowing cloak for 157 gold pieces
   435 | D        | Found a roughly hewn altar of Beogh.
   436 | D        | Found a hazy altar of Hepliaklqana.
   436 | D        | Found a snail-covered altar of Cheibriados.
   437 | D        | Found a stormy altar of Qazlal.
   437 | D        | Found a viscous altar of Jiyva.
   437 | D        | Found a shadowy altar of Dithmenos.
   438 | D        | Found a sacrificial altar of Ru.
   438 | D        | Found an ancient bone altar of Kikubaaqudgha.
   438 | D        | Found a white marble altar of Elyvilon.
   439 | D        | Found an ornate altar of the Wu Jian Council.
   439 | D        | Found a deep blue altar of Sif Muna.
   439 | D        | Found a corrupted altar of Lugonu.
   440 | D        | Found a shimmering altar of Xom.
   440 | D        | Found a bloodstained altar of Trog.
   440 | D        | Found a burning altar of Makhleb.
   441 | D        | Found a glowing golden altar of the Shining One.
   441 | D        | Found a basalt altar of Yredelemnul.
   441 | D        | Found a hide-covered altar of Uskayaw.
   442 | D        | Found a glowing silver altar of Zin.
   442 | D        | Found a radiant altar of Vehumet.
   442 | D        | Noticed a polar bear
   443 | D        | Noticed a yaktaur
   443 | D        | Noticed a hornet
   444 | D        | Noticed a polar bear
   448 | D        | Killed a polar bear
   448 | D        | Reached skill level 10 in Armour
   450 | D        | Noticed a polar bear
   453 | D        | Paralysed by a hornet for 1 turns
   455 | D        | Killed a hornet
   455 | D        | Reached skill level 14 in Maces & Flails
   458 | D        | Killed a polar bear
   458 | D        | Reached ***** piety under Trog
   458 | D        | Reached skill level 10 in Dodging
   461 | D        | Killed a polar bear
   469 | D        | Killed a yaktaur
   469 | D        | Reached skill level 15 in Maces & Flails
   469 | D        | Reached XP level 9. HP: 27/87 MP: 8/8
   713 | D        | Noticed a kraken
   734 | D        | Found a sparkling altar of Nemelex Xobeh.
   734 | D        | Found a blossoming altar of Fedhas.
   960 | D        | Slain by a tentacle

Skill      XL: |  1  2  3  4  5  6  7  8 |
---------------+-------------------------+-----
Fighting       | 5 6 8 9 10 11 | 11.6
Maces & Flails | 7 9 10 12 13 15 | 15.3
Armour         | 5 6 7 9 11 | 11.3
Dodging        | 4 5 6 8 10 | 10.5

Action                   |  1- 3 |  4- 6 |  7- 9 || total
-------------------------+-------+-------+-------++-------
Melee: Mace              |     5 |    18 |    47 ||    70
       Headbutt          |     1 |     6 |    13 ||    20
Invok: Berserk           |       |       |     4 ||     4
       Brothers in Arms  |       |       |     1 ||     1
  Eat: Chunk             |       |       |     3 ||     3
Armor: Animal skin       |     1 |       |     5 ||     6
       Chain mail        |       |       |     2 ||     2
Dodge: Dodged            |     4 |     4 |    27 ||    35
